 Dungeon Crawl Stone Soup version 0.21-a0-227-g58a7c62 (webtiles) character file.

35 Ijustatesigmund the Skirmisher (level 3, 30/30 HPs)
             Began as a Formicid Fighter on Aug 30, 2017.
             Quit the game on level 2 of the Dungeon.
             The game lasted 00:01:58 (1216 turns).

Ijustatesigmund the Skirmisher (Formicid Fighter)   Turns: 1216, Time: 00:01:59

Health: 30/30      AC:  6    Str: 22    XL:     3   Next: 52%
Magic:  3/3        EV:  8    Int:  7    God:
Gold:   47         SH: 10    Dex: 11    Spells: 2/2 levels left

rFire    . . .     SeeInvis +   a - +0 quarterstaff
rCold    . . .     Gourm    .   c - +1 shield
rNeg     . . .     Faith    .   b - +0 scale mail
rPois    .         Spirit   .   (helmet unavailable)
rElec    .         Reflect  .   (no cloak)
rCorr    .         Harm     .   (no gloves)
MR       .....                  (no boots)
Stlth    ..........             (no amulet)
HPRegen  0.10/turn              (no ring)
MPRegen  0.08/turn              (no ring)

@: no status effects
A: permanent stasis, dig shafts and tunnels, four strong arms, antennae 3, beak,
deterioration 1, strong 1
a: Dig, Shaft Self


You were on level 2 of the Dungeon.
You were very hungry.

You visited 1 branch of the dungeon, and saw 2 of its levels.

You collected 47 gold pieces.

Inventory:

Hand Weapons
 a - a +0 quarterstaff (weapon)
Armour
 b - a +0 scale mail (worn)
 c - a +1 shield (worn)
Scrolls
 e - a scroll of magic mapping
 i - a scroll of identify
 l - a scroll of immolation {unknown}
Potions
 d - a potion of might
 g - a potion of haste {unknown}
 j - a potion of curing {unknown}
Comestibles
 f - 2 bread rations
 h - 2 royal jellies


   Skills:
 + Level 4.1 Fighting
 * Level 2.9 Staves
 - Level 3.2 Armour
 - Level 3.6 Shields


You had 2 spell levels left.
You didn't know any spells.

Dungeon Overview and Level Annotations

Branches:
Dungeon (2/15)

Altars:


Innate Abilities, Weirdness & Mutations

You cannot be hasted, slowed, berserked, paralysed or teleported.
You can dig through walls and to a lower floor.
Your four strong arms can wield two-handed weapons with a shield.
You have a pair of large antennae on your head. (SInv)
You have a beak for a mouth.
Your body sometimes deteriorates upon taking damage.
Your muscles are strong. (Str +2)


Message History

You see here a whip.
Done exploring.
Done exploring.
(D) Dungeon
Where to? (? - help)
You are feeling very hungry.
You see here a scale mail.
There is a stone staircase leading down here.
You climb downwards.
Found 9 sling bullets and a glowing golden potion.
There is a stone staircase leading up here.
Found a ring mail.
j - a glowing golden potion
Found a throwing net.
You see here a throwing net.
Found 18 arrows.
A goblin comes into view.
The goblin shouts!
The goblin moves out of view.
Are you sure you want to abandon this character and quit the game? (Confirm with "yes".)

####### #...(.#
{.
#.###.######....
#.##....@.......
#.....######....
####.## .
####.####
#.......#
#.##.##.#
#.##..#.#
#(###.#.#
#.###.#.#


There were no monsters in sight!

Vanquished Creatures
  A dart slug (D:1)
  2 leopard geckos (D:1)
  A giant cockroach (D:1)
  4 goblins (D:1)
  3 hobgoblins (D:1)
  4 jackals (D:1)
  A quokka (D:1)
  A ball python (D:1)
  2 bats (D:1)
  A frilled lizard (D:1)
  4 kobolds (D:1)
  4 rats (D:1)
28 creatures vanquished.

Notes
Turn   | Place    | Note
-------+----------+-------------------------------------------
     0 | D:1      | Ijustatesigmund the Formicid Fighter began the quest for the Orb.
     0 | D:1      | Reached XP level 1. HP: 18/18 MP: 1/1
    54 | D:1      | Reached XP level 2. HP: 21/24 MP: 2/2
   544 | D:1      | Reached XP level 3. HP: 30/30 MP: 3/3
   569 | D:1      | Reached skill level 4 in Fighting
   847 | D:1      | Gained mutation: Your body sometimes deteriorates upon taking damage. [potion of mutation]
   847 | D:1      | Gained mutation: You have a beak for a mouth. [potion of mutation]
   847 | D:1      | Gained mutation: Your muscles are strong. (Str +2) [potion of mutation]
  1216 | D:2      | Quit the game

Vault maps used:
D:1:      minmay_arrival_stone_box
D:2:      minmay_hedge_maze

Skill      XL: |  1  2  3 |
---------------+----------+-----
Fighting       | 4 |  4.1
Staves         | |  2.9
Armour         | |  3.2
Shields        | |  3.6

Action                   || total
-------------------------++-------
Melee: Quarterstaff      ||    88
       Peck              ||     1
 Abil: Dig               ||     2
  Use: Scroll            ||     3
       Potion            ||     1
Armor: Scale mail        ||    48
Dodge: Dodged            ||    32
Block: Shield            ||    58

Table legend:
 A = Spawn XP
 B = Non-spawn XP
 C = Spawn XP percentage of total XP
 D = Spawn monster count
 E = Non-spawn monster count
 F = Spawn count percentage of total count
 G = Total turns spent on level
                    A         B        C        D         E        F      G
               +---------+---------+-------+---------+---------+-------+---------
         Total |       3 |      47 |   6.0 |       2 |      26 |   7.1 |  1216
               +---------+---------+-------+---------+---------+-------+---------
           D:1 |       3 |      47 |   6.0 |       2 |      26 |   7.1 |  1178
               +---------+---------+-------+---------+---------+-------+---------
